 Dungeon Crawl Stone Soup version 0.16.2-2-g470672f (webtiles) character file.

6976 monobi the Slicer (level 10, -4/70 (77) HPs)
             Began as a Demonspawn Wanderer on Sept 4, 2015.
             Killed by nerve-wracking pain
             ... invoked by an orc priest
              (12 damage)
             ... on level 2 of the Orcish Mines on Sept 5, 2015.
             The game lasted 00:58:13 (9954 turns).

monobi the Slicer (Demonspawn Wanderer)             Turns: 9954, Time: 00:58:13

HP:   -4/70 (77)    AC: 23    Str: 13    XL:     10   Next: 81%
MP:   21/21         EV:  3    Int: 14    God:
Gold: 658           SH:  0    Dex: 15    Spells: 1 memorised, 15 levels left

rFire  . . .     SeeInvis +     r - +0 great sword
rCold  . . .     Clarity  .     u - +0 plate armour
rNeg   . . .     SustAb   .     (no shield)
rPois  +         Gourm    .     (helmet restricted)
rElec  .         Spirit   .     y - +0 cloak
rCorr  .         Warding  .     w - +0 pair of gloves
rMut   .         Stasis   .     (no boots)
MR     .....                    n - amulet of regeneration
Stlth  ..........               B - ring of see invisible
                                d - +2 ring of protection

@: heavily drained, not resistant to hostile enchantments, extremely unstealthy
A: antennae 1, talons 2, rough black scales 2, clever 1, demonic guardian 1,
sense surroundings 1, poison resistance, spiny 2
a: no special abilities


You were on level 2 of the Orcish Mines.
You were not hungry.

You visited 2 branches of the dungeon, and saw 11 of its levels.

You collected 803 gold pieces.
You spent 145 gold pieces at shops.

Inventory:

Hand weapons
 o - the -2 rapier of Clug {venom, +Blink rN+ Int+3 Dex-2}
   (You bought it in a shop on level 4 of the Dungeon)

   It poisons the flesh of those it strikes.
   It affects your intelligence (+3).
   It affects your dexterity (-2).
   It protects you from negative energy.
   It lets you blink.
 q - a +3 short sword of protection
 r - a +0 great sword (weapon)
 t - a +2 long sword of slicing
Armour
 k - a +0 leather armour of fire resistance
 p - a +1 fire dragon armour
 u - a +0 plate armour (worn)
 w - a +0 pair of gloves (worn)
 y - a +0 cloak (worn)
Jewellery
 d - a +2 ring of protection (left hand)
 n - an amulet of regeneration (around neck)
 B - a ring of see invisible (right hand)
Magical devices
 g - a wand of cold (11)
 x - a wand of fireball (5)
 C - a wand of paralysis (17)
 D - a wand of confusion (23)
 E - a wand of draining (5)
 F - a wand of polymorph (13)
 M - a wand of frost (14)
Scrolls
 a - 2 scrolls of blinking
 c - 2 scrolls of teleportation
 e - 4 scrolls of recharging
 i - 8 scrolls of remove curse
 m - 2 scrolls of fear
 v - 3 scrolls of amnesia
 G - 4 scrolls of fog
 H - a scroll of magic mapping
Potions
 h - 2 potions of brilliance
 j - 2 potions of magic
 l - 2 potions of ambrosia
 J - a potion of restore abilities
 L - 4 potions of cancellation
Books
 b - Tadoak's Papyrus of the Mountains

   Spells                             Type                      Level
   a - Sandblast                      Earth                        1
   b - Stone Arrow                    Conjuration/Earth            3
 z - a book of Callings

   Spells                             Type                      Level
   a - Summon Small Mammal            Summoning                    1
   b - Call Imp                       Summoning                    2
   c - Call Canine Familiar           Summoning                    3
   d - Summon Guardian Golem          Hexes/Summoning              4
   e - Summon Lightning Spire         Summoning/Air                4
   f - Summon Ice Beast               Ice/Summoning                4
Comestibles
 f - a bread ration
 s - 21 fruits
 A - 4 chunks of flesh


   Skills:
 + Level 6.5(4.8) Fighting
 * Level 8.6(7.3) Short Blades
 + Level 4.4(5.3) Long Blades
   Level 2.2(0.7) Staves
 + Level 5.6(3.9) Armour
 - Level 0.5(0.0) Dodging
 + Level 6.7(5.0) Stealth
 - Level 4.5(2.9) Spellcasting
 - Level 4.7(3.0) Summonings
   Level 1.0(0.0) Transmutations
   Level 0.8(0.0) Earth Magic
 - Level 1.0(0.0) Evocations


You had 15 spell levels left.
You knew the following spells:

 Your Spells              Type           Power        Failure   Level  Hunger
a - Call Canine Familiar  Summ           ##......     100%        3    ###....


Dungeon Overview and Level Annotations

Branches:
Dungeon (9/15)             Temple (0/1) D:7             Orc (2/4) D:9
   Lair: D:8-11

Altars:
Cheibriados
Fedhas
Gozag
Kikubaaqudgha
Makhleb
Qazlal
Zin
The Shining One
Beogh

Shops:
D:4 (


Innate Abilities, Weirdness & Mutations

You have razor-sharp toenails.
You are mostly covered in rough black scales (AC +7, Dex -2).
A weak demonic guardian rushes to your aid.
You are mostly covered in sharp spines.
You have a pair of small antennae on your head.
Your mind is acute. (Int +2)
You passively map a small area around you.
Your system is resistant to poisons.


Message History

You claw the orc priest, but do no damage.
The orc priest is severely wounded.
The orc priest calls down the wrath of Beogh upon you.
Something smites you!
The orc priest mumbles some strange prayers to Beogh.
You feel a wave of unholy energy pass over you.
The orc priest mumbles some strange prayers to Beogh against you.
Something smites you!
* * * LOW HITPOINT WARNING * * *
You slash the orc priest!
You kill the orc priest!
The orc priest hits you but does no damage.
Your plate armour prevents you from hitting the orc priest.
The orc priest hits you but does no damage.
You slash the orc priest!
You claw the orc priest, but do no damage.
The orc priest is heavily wounded.
The orc priest calls down the wrath of Beogh upon you.
Pain shoots through your body!
You die...

........... ,
............ ..........##
, , , , ...........# , *,
..........## ,
......$....######### ,
.<>..<#.....##.....# ,
..)(...#.....#.)_..# ,
#.)))^.......#..@o.# , ,
.....)......####'###...#
.$............8...8......
..........)..........#..
, ,
........$..)..#...#.#...
, ..........)........##
.# ###....#............#
##.......##...##..# , , *
##$#...####### ... , ,,


You could see an orc priest.

Vanquished Creatures
  An orc knight (Orc:1)
  The ghost of monobi the Skirmisher, an experienced MiFi (D:6)
  Psyche (Orc:1)
  A troll (D:9)
  4 yaks (D:9)
  3 deep elf magi
  A warg (Orc:1)
  2 hippogriffs (D:7)
  A water moccasin (D:8)
  9 orc warriors
  2 sky beasts
  A phantom (D:7)
  2 black bears
  A necrophage (D:5)
  3 ogres
  2 crocodiles (D:9)
  Blork the orc (D:7)
  8 giant frogs
  4 killer bees
  5 wights (D:9)
  A quasit (D:5)
  7 crimson imps
  A goliath beetle (D:6)
  A jelly (D:7)
  Crazy Yiuf (D:7)
  9 orc priests
  A gnoll shaman (D:9)
  2 hounds
  8 worker ants
  5 orc wizards
  A hound skeleton (D:4)
  7 adders
  4 gnolls (D:9)
  2 worms
  An adder skeleton (D:8)
  4 giant geckos
  73 orcs
  18 bats
  A bat skeleton (D:4)
  2 bat zombies
  11 goblins
  11 hobgoblins
  8 jackals
  16 kobolds
  6 quokkas
  2 ball pythons
  5 giant cockroaches
  5 giant newts
  A jackal skeleton (D:5)
  10 rats
277 creatures vanquished.

Vanquished Creatures (collateral kills)
  The ghost of monobi the Cudgeler, an average MiWn (D:4)
  A sky beast (D:7)
  An ogre (D:5)
  A giant frog (D:9)
  2 killer bees (D:8)
  3 orc priests
  A hound (D:4)
  An orc wizard (Orc:1)
  A giant gecko (D:5)
  7 orcs
  2 hobgoblins
  A kobold (D:3)
22 creatures vanquished.

Vanquished Creatures (others)
  4 quasits
  9 crimson imps
  10 iron imps
  14 white imps
  12 ufetubi
49 creatures vanquished.

Grand Total: 348 creatures vanquished

Notes
Turn   | Place    | Note
--------------------------------------------------------------
     0 | D:1      | monobi, the Demonspawn Wanderer, began the quest for the Orb.
     0 | D:1      | monobi set off with: a +2 quarterstaff, Tadoak's Papyrus of the Mountains, a scroll of teleportation, a +0 robe, a bread ration
     0 | D:1      | Reached XP level 1. HP: 15/15 MP: 5/5
     0 | D:1      | Identified Tadoak's Papyrus of the Mountains
    85 | D:1      | Learned a level 1 spell: Sandblast
   171 | D:1      | Gained mutation: You are partially covered in rough black scales (AC +4, Dex -1). [demonic ancestry]
   171 | D:1      | Reached XP level 2. HP: 4/21 MP: 7/7
   768 | D:2      | Gained mutation: A weak demonic guardian rushes to your aid. [demonic ancestry]
   768 | D:2      | Reached XP level 3. HP: 24/26 MP: 9/9
  1418 | D:3      | Reached XP level 4. HP: 32/32 MP: 11/11
  1539 | D:3      | Noticed a giant frog
  1552 | D:3      | Killed a giant frog
  1888 | D:4      | Noticed monobi's ghost (average MiWn)
  1899 | D:4      | Killed monobi's ghost
  1899 | D:4      | Reached skill level 1 in Short Blades
  1899 | D:4      | Reached skill level 1 in Armour
  1899 | D:4      | Gained mutation: You have sharp toenails. [demonic ancestry]
  1899 | D:4      | Reached XP level 5. HP: 29/38 MP: 13/13
  1945 | D:4      | Found Peikkaum's Weapon Shoppe.
  1983 | D:4      | Bought the cursed -2 rapier of Clug {venom, +Blink rN+ Int+3 Dex-2} for 145 gold pieces
  2025 | D:5      | Entered Level 5 of the Dungeon
  2193 | D:4      | Found a blossoming altar of Fedhas.
  2625 | D:5      | Reached XP level 6. HP: 42/46 MP: 15/15
  2979 | D:5      | Noticed an ogre
  2985 | D:5      | Killed an ogre
  3157 | D:5      | Found an ancient bone altar of Kikubaaqudgha.
  3158 | D:5      | Found a glowing golden altar of the Shining One.
  3159 | D:5      | Found a stormy altar of Qazlal.
  3322 | D:5      | Reached XP level 7. HP: 52/52 MP: 17/17
  3916 | D:5      | Learned a level 3 spell: Call Canine Familiar
  4227 | D:6      | Noticed monobi's ghost (experienced MiFi)
  4261 | D:6      | Killed monobi's ghost
  4261 | D:6      | Reached skill level 1 in Summonings
  4261 | D:6      | Gained mutation: You are mostly covered in rough black scales (AC +7, Dex -2). [demonic ancestry]
  4261 | D:6      | Reached XP level 8. HP: 28/53 MP: 18/18
  4509 | D:6      | Found a burning altar of Makhleb.
  4509 | D:6      | Found a glowing silver altar of Zin.
  4510 | D:6      | Noticed an angel
  4510 | D:6      | Noticed a green death
  4549 | D:6      | Reached skill level 5 in Short Blades
  4955 | D:7      | Noticed Crazy Yiuf
  4970 | D:7      | Killed Crazy Yiuf
  5181 | D:7      | Found a burning altar of Makhleb.
  5212 | D:7      | Found a staircase to the Ecumenical Temple.
  5245 | D:7      | Reached skill level 1 in Long Blades
  5387 | D:7      | Gained mutation: Your mind is acute. (Int +2) [mutagenic meat]
  5432 | D:7      | Found a snail-covered altar of Cheibriados.
  5432 | D:7      | Found an opulent altar of Gozag.
  5457 | D:7      | Gained mutation: You have razor-sharp toenails. [mutagenic meat]
  5518 | D:7      | Reached skill level 6 in Short Blades
  5518 | D:7      | Gained mutation: You are partially covered in sharp spines. [demonic ancestry]
  5518 | D:7      | Reached XP level 9. HP: 59/59 MP: 20/20
  5624 | D:7      | Noticed Blork the orc
  5650 | D:7      | Killed Blork the orc
  6055 | D:8      | Reached skill level 5 in Stealth
  6079 | D:8      | Reached skill level 5 in Fighting
  6780 | D:8      | Reached skill level 7 in Short Blades
  7527 | D:9      | Gained mutation: You are mostly covered in sharp spines. [demonic ancestry]
  7527 | D:9      | Reached XP level 10. HP: 49/68 MP: 21/21
  8158 | D:9      | Reached skill level 5 in Armour
  8269 | D:9      | Found a staircase to the Orcish Mines.
  8284 | D:9      | Reached skill level 8 in Short Blades
  8550 | Orc:1    | Entered Level 1 of the Orcish Mines
  8686 | Orc:1    | Gained mutation: You passively map a small area around you. [potion of mutation]
  8686 | Orc:1    | Gained mutation: You have a pair of small antennae on your head. [potion of mutation]
  8686 | Orc:1    | Gained mutation: Your system is resistant to poisons. [potion of mutation]
  8861 | Orc:1    | Noticed an orc knight
  9451 | Orc:1    | Killed an orc knight
  9580 | Orc:1    | Noticed Psyche
  9589 | Orc:1    | Killed Psyche
  9940 | Orc:2    | Found a roughly hewn altar of Beogh.
  9954 | Orc:2    | Killed from afar by an orc priest

Action                   |  1- 3 |  4- 6 |  7- 9 | 10-12 || total
-------------------------+-------+-------+-------+-------++-------
Melee: Quarterstaff      |    56 |       |       |       ||    56
       Short sword       |    64 |   233 |   811 |   558 ||  1666
       Great sword       |       |       |       |    61 ||    61
Evoke: Wand              |       |       |       |     3 ||     3
  Use: Scroll            |     9 |     7 |     6 |     3 ||    25
       Potion            |     4 |     1 |     7 |     4 ||    16
 Stab: Distracted        |       |       |     2 |     3 ||     5
       Invisible         |       |       |     1 |     2 ||     3
  Eat: Chunk             |       |     2 |    11 |     3 ||    16
       Bread ration      |       |     1 |     2 |     2 ||     5
       Royal jelly       |       |     1 |       |       ||     1
       Meat ration       |       |     1 |       |       ||     1
       Beef jerky        |       |       |     1 |     2 ||     3
